 Dungeon Crawl Stone Soup version 0.31-a0-844-gdc52ec4e09 (webtiles) character file.

Game seed: 5996098660144532477

60 lonewolfV2 the Shield-Bearer (level 4, -14/37 HPs)
             Began as a Formicid Fighter on Sept 28, 2023.
             Engulfed by a cloud of flame (17 damage)
             ... on level 2 of the Dungeon.
             The game lasted 00:02:26 (1681 turns).

lonewolfV2 the Shield-Bearer (Formicid Fighter)     Turns: 1681, Time: 00:02:26

Health: -14/37     AC:  7    Str: 22    XL:     4   Next: 25%
Magic:  4/4        EV:  9    Int:  8    God:
Gold:   82         SH:  5    Dex: 13    Spells: 3/3 levels left

rFire   . . .        a - +1 war axe
rCold   . . .        c - +0 buckler
rNeg    . . .        b - +0 scale mail
rPois   .            (helmet unavailable)
rElec   .            (no cloak)
rCorr   .            (no gloves)
SInv    +            (no boots)
Will    .....        (no amulet) Stlth
                     (no ring)
HPRegen 0.26/turn    (no ring)
MPRegen 0.09/turn

%: no passive effects
@: no status effects
A: permanent stasis, dig shafts and tunnels, antennae 3, four strong arms
a: Dig, Shaft Self


You were on level 2 of the Dungeon.
You visited 1 branch of the dungeon, and saw 2 of its levels.

You collected 82 gold pieces.

Inventory:

Hand Weapons
 a - a +1 war axe (weapon)
Armour
 b - a +0 scale mail (worn)
 c - a +0 buckler (worn)
Scrolls
 f - a scroll of identify
Potions
 d - a potion of might
 e - 2 potions of brilliance
 g - a potion of ambrosia
 h - a potion of mutation {unknown}
 i - a potion of degeneration {unknown}


   Skills:
 + Level 3.6 Fighting
 + Level 2.9 Axes
 + Level 3.8 Armour
 + Level 0.2 Dodging
 + Level 0.4 Stealth
 + Level 4.6 Shields


You had 3 spell levels left.
You didn't know any spells.
Your spell library contained the following spells:

 Spells                   Type           Power      Damage    Failure   Level
 Poisonous Vapours        Pois/Air       0%         N/A       90%         2
 Hailstorm                Conj/Ice       0%         3d3       99%         3
 Mephitic Cloud           Conj/Pois/Air  0%         N/A       99%         3
 Summon Ice Beast         Ice/Summ       0%         N/A       100%        4
 Freezing Cloud           Conj/Ice/Air   0%         6-21      100%        5
 Simulacrum               Ice/Necr       0%         N/A       100%        6


Dungeon Overview and Level Annotations

Branches:
Dungeon (2/15)

Altars:
Sif Muna

Shops:
D:2 (


Innate Abilities, Weirdness & Mutations

You cannot be hasted, slowed, berserked, paralysed or teleported.
You can dig through walls and to a lower floor.
You have a pair of large antennae on your head. (SInv)
Your four strong arms can wield two-handed weapons with a shield.


Message History

You open the door.
There is an open door here.
You sense a monster nearby.
A jackal comes into view.
The jackal barks!
A jackal comes into view.
There are monsters nearby!
There are monsters nearby!
There are monsters nearby!
Found a shimmering blue altar of Sif Muna.
You completely miss the jackal. You block the jackal's attack.
The jackal bites you.
You slash the jackal!
You kill the jackal!
The jackal barely misses you.
You slash the jackal!
You kill the jackal!
You see here a jackal corpse.
You see here a jackal corpse.
There is an open door here.
Found a stone staircase leading down.
There is an open door, spattered with blood here.
Things that are here:
a +0 dagger; 4 stones; a +0 club
There is an open door here.
There is an open door here.
Partly explored, can't reach some items and places.
Partly explored, can't reach some items and places.
Partly explored, can't reach some items and places.
Partly explored, can't reach some items and places.
Partly explored, can't reach some items and places.
Okay, then.
Okay, then.
You are engulfed in blazing flames.
You see here 16 gold pieces.
You are engulfed in blazing flames.
Ouch! That really hurt!
* * * LOW HITPOINT WARNING * * *
You are engulfed in blazing flames.
You die...

***** *,,.# *{,§# *,☼§# *§☼☼#
######...#####*
###.○○☼...$.§○..##
#...§☼§.!.?.§§§..#
#.#.@§☼.(.?.§.§..#
#.######...#####.## #.# *,§☼#
#..# #.# *,,§# ##.#
#############.######...# ##.###
...............#####w..* #....>
######...#####.#################.
*##########.#.................
*.....PP..#.#.####..###.......


There were no monsters in sight!

Vanquished Creatures
  2 dart slugs
  5 endoplasms (D:1)
  A giant cockroach (D:1)
  10 goblins
  10 hobgoblins
  2 jackals (D:2)
  2 quokkas (D:2)
  A ball python (D:2)
  5 bats
  3 frilled lizards (D:1)
  4 kobolds
  5 rats
50 creatures vanquished.

Vanquished Creatures (others)
  A frilled lizard (D:2)
1 creature vanquished.

Grand Total: 51 creatures vanquished

Notes
Turn   | Place    | Note
-------+----------+-------------------------------------------
     0 | D:1      | lonewolfV2 the Formicid Fighter began the quest for the
                  | Orb.
     0 | D:1      | Reached XP level 1. HP: 18/18 MP: 1/1
    37 | D:1      | Reached XP level 2. HP: 21/24 MP: 2/2
   279 | D:1      | Reached XP level 3. HP: 27/29 MP: 3/3
   893 | D:2      | Found a faded altar of an unknown god.
   918 | D:2      | Reached XP level 4. HP: 37/37 MP: 4/4
  1105 | D:2      | Found Mifuenat's Weapon Shop.
  1555 | D:2      | Found a shimmering blue altar of Sif Muna.
  1681 | D:2      | Engulfed by a cloud of flame

Illustrated notes

Levels and vault maps discovered:
D:1:      psy_arrival_radial01, layout_loops_ring, st_stairs_3
D:2:      minmay_wonky_spiral, layout_basic, serial_aquarium,
          aquarium_bridge_long_separate [aquarium_subvault_window,
          aquarium_subvault_bridge, aquarium_subvault_window,
          aquarium_subvault_bridge, aquarium_subvault_window,
          aquarium_subvault_wall], aquarium_bridge_straight
          [aquarium_subvault_bridge, aquarium_subvault_wall,
          aquarium_subvault_bridge, aquarium_subvault_balcony],
          aquarium_window_fake, aquarium_window_2, aquarium_view_2d,
          aquarium_view_2c, serial_shops, shop, shapermc_ecumenical_altar_venn,
          basic_altar, lemuel_flame_loot_1

Action                     |  1- 3 |  4- 6 || total
---------------------------+-------+-------++-------
  Melee: War axe           |    95 |    25 ||   120
    Use: Scroll            |     5 |     1 ||     6
 Armour: Scale mail        |    74 |    14 ||    88
  Dodge: Dodged            |    47 |    11 ||    58
  Block: Buckler           |    25 |     4 ||    29

Table legend: (Time is in decaauts)
 A = Elapsed time spent in this place.
 B = Non-inter-level travel time spent in this place.
 C = Inter-level travel time spent in this place.
 D = Time resting spent in this place.
 E = Time spent auto-exploring this place.
 F = Levels seen in this place.
 G = Mean time per level.
                   A        B        C        D        E       F      G
               +--------+--------+--------+--------+--------+-----+--------+
         Total |   1731 |   1696 |     35 |      0 |   1242 |   2 |  865.5 |
       Dungeon |   1731 |   1696 |     35 |      0 |   1242 |   2 |  865.5 |
               +--------+--------+--------+--------+--------+-----+--------+

Top non-repeatable levels by time:
     D:2: 935 daAuts
     D:1: 795 daAuts
